Map: Pride of Altaris LE

Players

Pandemic

  • Race: Terran Terran
  • League: Platinum

Stoned - Winner!

  • Race: Terran Terran
  • League: Platinum

VOD

Have the link to the VOD?

Description

Time

  • Played on: Oct. 22, 2021, 5:31 p.m.
  • Length: 6:55
Show
View Real Time Build Order
Export as new Build Order

Pandemic Terran 

Build Orders: 2 Factory 

Get SALT Encoding   

  12  0:00  SCV  
  13  0:12  SCV  
  14  0:17  Supply Depot  
  14  0:24  SCV  
  15  0:38  SCV  
  15  0:40  Barracks  
  16  0:44  Refinery  
  16  0:50  SCV  
  17  0:59  Refinery  
  17  1:03  SCV  
  18  1:15  SCV  
  19  1:27  Orbital Command, Reaper  
  20  1:52  Factory  
  20  1:55  SCV  
  20  1:58  Supply Depot  
  21  2:03  Reaper  
  21  2:08  SCV  
  23  2:20  SCV  
  24  2:28  Command Center  
  24  2:34  SCV  
  25  2:38  Factory Tech Lab  
  25  2:39  Barracks Reactor  
  25  2:48  SCV  
  26  2:55  Factory  
  25  3:00  SCV  
  25  3:06  Cyclone  
  28  3:13  SCV  
  28  3:18  Marine x2  
  30  3:26  SCV  
  30  3:38  SCV  
  31  3:43  Starport  
  31  3:50  SCV, Marine x2  
  31  3:52  Siege Tank  
  31  3:55  Factory Reactor  
  37  4:03  SCV  
  38  4:15  SCV  
  38  4:16  Orbital Command  
  39  4:17  Marine x2  
  41  4:27  SCV  
  42  4:35  Refinery, Marine x2  
  44  4:39  SCV  
  44  4:43  SCV  
  41  4:46  Siege Tank  
  41  4:51  SCV  
  45  4:54  Supply Depot  
  45  4:55  SCV  
  45  4:58  Bunker  
  44  5:03  SCV  
  44  5:04  Supply Depot  
  46  5:07  SCV  
  46  5:16  Factory Tech Lab, SCV  
  46  5:18  Supply Depot, Siege Tank  
  46  5:19  SCV  
  51  5:28  SCV  
  52  5:30  Viking  
  52  5:31  SCV  
  55  5:40  SCV  
  55  5:42  Siege Tank  
  59  5:43  SCV  
  59  5:47  Supply Depot  
  60  5:50  Siege Tank  
  60  5:52  SCV  
  60  5:55  SCV  
  54  6:01  Marine x2  
  46  6:04  SCV  
  46  6:07  SCV  
  45  6:14  Siege Tank  
  49  6:18  Marine  
  49  6:19  Marine  
Show
View Real Time Build Order
Export as new Build Order

Stoned Terran - Winner!

Build Orders:  

Get SALT Encoding   

  12  0:00  SCV  
  13  0:12  SCV  
  14  0:17  Supply Depot  
  14  0:24  SCV  
  15  0:39  SCV  
  15  0:40  Barracks  
  16  0:47  Refinery  
  16  0:51  SCV  
  17  1:03  Barracks  
  17  1:06  SCV  
  18  1:23  SCV  
  19  1:35  Marine  
  19  1:39  Orbital Command  
  20  1:50  Reaper  
  20  1:52  Refinery  
  20  1:54  Supply Depot  
  21  2:04  Reaper  
  21  2:05  SCV  
  23  2:18  SCV  
  24  2:24  Command Center  
  24  2:27  Barracks Reactor  
  24  2:41  SCV  
  24  2:43  Barracks Tech Lab  
  25  2:46  Factory  
  25  2:53  SCV  
  26  3:04  Marine x3  
  29  3:06  Stimpack  
  28  3:27  Marine x2  
  30  3:42  Starport, Factory Reactor  
  30  3:43  Marine  
  30  3:44  Orbital Command  
  30  3:45  Marine x2  
  30  3:47  SCV  
  34  3:58  Engineering Bay  
  34  3:59  SCV  
  34  4:01  Marine  
  36  4:05  Marine x2  
  36  4:06  Supply Depot  
  38  4:12  SCV  
  38  4:13  SCV  
  40  4:24  SCV, Marine x3  
  42  4:29  Medivac  
  42  4:31  Medivac  
  48  4:33  Factory Tech Lab  
  48  4:34  SCV  
  48  4:36  SCV  
  50  4:42  Marine x3  
  52  4:50  Combat Shield  
  51  4:57  SCV x2  
  53  5:00  Marine  
  54  5:20  Supply Depot  
  54  5:34  SCV  
  54  5:35  Marine  
  54  5:41  Marine x2  
  54  5:42  Siege Tank, SCV  
  60  5:46  SCV  
  61  5:53  Marine  
  61  5:56  SCV  
  62  6:17  Marine  
Tags
 
Add a new tag
Caveats
  • Supply blocks, unpowered buildings, or Contaminate may cause inaccurate times.
  • Supply counts are checked every 10 seconds.